 Dungeon Crawl Stone Soup version 0.24-a0-115-gd155597 (console) character file.

Game seed: 2602161479948879820

12 Duffy the Chopper (level 2, -2/26 HPs)
             Began as a Naga Gladiator on Feb 17, 2019.
             Slain by an adder (3 damage)
             ... on level 2 of the Dungeon.
             The game lasted 00:00:31 (963 turns).

Duffy the Chopper (Naga Gladiator)                   Turns: 963, Time: 00:00:32

Health: -2/26      AC:  3    Str: 16    XL:     2   Next: 33%
Magic:  2/2        EV: 10    Int:  8    God:
Gold:   32         SH:  0    Dex: 12    Spells: 1/1 levels left

rFire    . . .     SeeInvis +   a - +0 war axe
rCold    . . .     Gourm    .   (no shield)
rNeg     . . .     Faith    .   b - +0 leather armour
rPois    +         Spirit   .   c - +0 helmet
rElec    .         Reflect  .   (no cloak)
rCorr    .         Harm     .   (no gloves)
MR       .....                  (no barding)
Stlth    +.........             (no amulet)
HPRegen  0.08/turn              (no ring)
MPRegen  0.08/turn              (no ring)

@: lethally poisoned (-2 -> -8), short of breath, very slow
A: large, see invisible, deformed body, poison resistance, slowness 2, slow
metabolism 1, spit poison 1, AC +0
a: Spit Poison


You were on level 2 of the Dungeon.
You were not hungry.

You visited 1 branch of the dungeon, and saw 2 of its levels.

You collected 32 gold pieces.

Inventory:

Hand Weapons
 a - a +0 war axe (weapon)
Missiles
 d - 3 throwing nets (quivered)
Armour
 b - a +0 leather armour (worn)
 c - a +0 helmet (worn)
 i - a +0 robe
Scrolls
 e - a scroll of remove curse {unknown}
 j - 2 scrolls of identify {unknown}
Potions
 g - a potion of brilliance {unknown}
 h - a potion of degeneration {unknown}
Comestibles
 f - 2 rations


   Skills:
 - Level 2.0 Fighting
 + Level 3.7 Axes
 - Level 1.7 Throwing
 - Level 2.4 Dodging


You had one spell level left.
You didn't know any spells.
Your spell library was empty.

Dungeon Overview and Level Annotations

Branches:
Dungeon (2/15)

Altars:


Innate Abilities, Weirdness & Mutations

You cannot wear boots.
Your serpentine skin is tough. (AC +0)
You have supernaturally acute eyesight. (SInv)
Armour fits poorly on your strangely shaped body.
Your system is resistant to poisons. (rPois)
You cover ground very slowly.
You have a slow metabolism.
You can spit poison.


Message History

Press: ? - help, Shift-Dir - straight line, f - bat
Aim: a bat The splash of poison hits the bat!
The bat is poisoned.
You kill the bat!
You feel slightly more hungry. The adder bites you but does no damage.
You hit the adder.
The adder is lightly wounded.
The adder bites you but does no damage.
You closely miss the adder.
The adder is lightly wounded.
You hit the hobgoblin. The adder bites you. The hobgoblin barely misses you.
The adder bites you.
You are lethally poisoned!
The adder poisons you! The hobgoblin hits you with a +0 club.
You closely miss the adder.
The adder is lightly wounded.
You slash the hobgoblin!
You kill the hobgoblin!
You feel sick. The adder bites you.
You die...

.. ######.# # #....#.#
#.#<.#+#.# ###
#)##.....#######.....
###........#SSS@)......
.....)......#g###.K.....
.....................w..
.#####......#+###.##....
#S..?......#.# ...
#..........#.# ..
#.<...g....#.. .
##.........#..
...........+


You could see a worm, 3 adders, a goblin and a kobold.

Vanquished Creatures
  4 bats
  2 goblins
  2 hobgoblins
  A kobold (D:1)
  A rat (D:1)
10 creatures vanquished.

Notes
Turn   | Place    | Note
-------+----------+-------------------------------------------
     0 | D:1      | Duffy the Naga Gladiator began the quest for the Orb.
     0 | D:1      | Reached XP level 1. HP: 19/19 MP: 1/1
   752 | D:1      | Reached XP level 2. HP: 26/26 MP: 2/2
   963 | D:2      | HP: 1/26 [poisoned by an adder]
   963 | D:2      | Slain by an adder

Levels and vault maps discovered:
D:1:      shiori_arrival_elements, layout_basic
D:2:      layout_basic, first_ration, uniq_jessica, uniq_robin

Action                   || total
-------------------------++-------
Melee: War axe           ||    30
 Abil: Spit Poison       ||     1
 Stab: Sleeping          ||     2
Armor: Leather armour    ||    41
Dodge: Dodged            ||    55

Table legend:
 A = Non-vault XP
 B = Vault XP
 C = Vault XP percentage of total XP
 D = Non-vault monster count
 E = Vault monster count
 F = Vault count percentage of total count
                 A         B        C        D         E       F
            +---------+---------+-------+---------+---------+-------
      Total |      18 |       0 |   0.0 |      10 |       0 |   0.0
            +---------+---------+-------+---------+---------+-------
        D:1 |      12 |       0 |   0.0 |       7 |       0 |   0.0
        D:2 |       6 |       0 |   0.0 |       3 |       0 |   0.0
            +---------+---------+-------+---------+---------+-------
